 Dungeon Crawl Stone Soup version 0.23.2-1-ga50397a6bc (webtiles) character file.

Game seed: 6148745525463524822

5173 Kobolds4U the Cleaver (level 10, -5/88 HPs)
             Began as a Minotaur Fighter on Apr 24, 2019.
             Was an Elder of Uskayaw.
             Slain by a yak (7 damage)
             ... on level 8 of the Dungeon.
             The game lasted 00:15:47 (7723 turns).

Kobolds4U the Cleaver (Minotaur Fighter)            Turns: 7723, Time: 00:15:47

Health: -5/88      AC: 16    Str: 21    XL:     10   Next: 34%
Magic:  7/9        EV: 15    Int:  6    God:    Uskayaw [****..]
Gold:   64         SH: 10    Dex: 17    Spells: 9/9 levels left

rFire    + . .     SeeInvis .   a - +0 war axe
rCold    . . .     Gourm    .   c - +0 shield
rNeg     . . .     Faith    .   A - +0 plate armour
rPois    .         Spirit   .   (helmet restricted)
rElec    .         Reflect  .   (no cloak)
rCorr    .         Harm     .   H - +0 pair of gloves
MR       .....                  (no boots)
Stlth    ..........             e - amulet of the acrobat
HPRegen  0.24/turn              K - +3 ring of evasion
MPRegen  0.11/turn              w - ring of protection from fire

@: agile, studying Axes
A: retaliatory headbutt, horns 2
a: Stomp, Line Pass, Renounce Religion


You were on level 8 of the Dungeon.
You worshipped Uskayaw.
Uskayaw was noncommittal.
You were hungry.

You visited 2 branches of the dungeon, and saw 10 of its levels.

You collected 491 gold pieces.
You spent 427 gold pieces at shops.

Inventory:

Hand Weapons
 a - a +0 war axe (weapon)
 p - a +2 whip of venom
 J - a +0 dire flail
Missiles
 E - 14 tomahawks (quivered)
Armour
 c - a +0 shield (worn)
 A - a +0 plate armour (worn)
 H - a +0 pair of gloves (worn)
 L - the +2 cloak "Eruown" {rF+}
   (You bought it in a shop on level 8 of the Dungeon)

   It protects you from fire.
Jewellery
 e - an amulet of the acrobat (around neck)
 s - an uncursed ring of stealth
 w - a ring of protection from fire (right hand)
 y - an uncursed ring of wizardry
 K - a +3 ring of evasion (left hand)
 M - an uncursed ring of protection from magic {unknown}
 Q - an uncursed ring of magical power {unknown}
Wands
 k - a wand of polymorph (5)
 x - a wand of disintegration (29)
 F - a wand of clouds (4)
 G - a wand of acid (8)
Scrolls
 g - 7 scrolls of teleportation {unknown}
 i - a scroll of amnesia {unknown}
 j - 4 scrolls of immolation {unknown}
 l - 5 scrolls of enchant armour {unknown}
 n - a scroll of magic mapping {unknown}
 o - 8 scrolls of identify
 r - 5 scrolls of fear {unknown}
 C - 2 scrolls of fog {unknown}
 D - 2 scrolls of enchant weapon {unknown}
 O - a scroll of summoning {unknown}
Potions
 b - a potion of lignification
 d - a potion of might
 h - a potion of agility
 m - a potion of brilliance {unknown}
 q - a potion of invisibility {unknown}
 t - a potion of heal wounds {unknown}
 v - a potion of flight {unknown}
 z - a potion of haste {unknown}
 B - a potion of magic {unknown}
 I - 2 potions of curing
 N - a potion of mutation {unknown}
 P - a potion of degeneration {unknown}
Books
 u - a manual of Axes
Comestibles
 f - 23 rations


   Skills:
 + Level 7.9 Fighting
 - Level 13.0 Axes
 - Level 10.1 Armour
 + Level 4.3 Dodging
 - Level 3.6 Shields


You had 9 spell levels left.
You didn't know any spells.
Your spell library contained the following spells:

 Spells                   Type           Power        Failure   Level  Hunger
 Animate Skeleton         Necr           N/A          100%        1    ##.....
 Pain                     Necr           #...         100%        1    ##.....
 Summon Small Mammal      Summ           #...         100%        1    ##.....
 Call Imp                 Summ           #.......     100%        2    ###....
 Call Canine Familiar     Summ           #.......     100%        3    ####...
 Regeneration             Chrm/Necr      #.........   100%        3    ####...
 Summon Guardian Golem    Hex/Summ       #.......     100%        3    ####...
 Vampiric Draining        Necr           #.........   100%        3    ####...
 Animate Dead             Necr           N/A          100%        4    #####..
 Summon Ice Beast         Ice/Summ       #.......     100%        4    #####..
 Summon Lightning Spire   Summ/Air       #.......     100%        4    #####..


Dungeon Overview and Level Annotations

Branches:
Dungeon (9/15)             Temple (1/1) D:5            Lair (0/6) D:8
    Orc: D:9-12

Altars:
Ashenzari
Cheibriados
Dithmenos
Elyvilon
Fedhas
Gozag
Hepliaklqana
Kikubaaqudgha
Makhleb
Nemelex Xobeh
Okawaru
Qazlal
Ru
Sif Muna
Trog
Uskayaw
Vehumet
Wu Jian
Xom
Yredelemnul
Zin
The Shining One

Shops:
D:8 [


Innate Abilities, Weirdness & Mutations

You reflexively headbutt those who attack you in melee.
You have a pair of horns on your head.


Message History

The orc warrior is severely wounded.
You closely miss the yak. You block the yak's attack.
The orc warrior hits you with a +0 war axe!
* * * LOW HITPOINT WARNING * * *
It was a potion of agility.
You feel agile all of a sudden.
The orc warrior is no longer sharing its pain.
The yak is no longer sharing its pain.
The yak misses you. You block the orc warrior's attack.
You slash the orc warrior!
You kill the orc warrior!
Your shield and plate armour prevent you from hitting the yak.
The yak gores you.
* * * LOW HITPOINT WARNING * * *
Uskayaw will force your foes to share their pain.
Your shield and plate armour prevent you from hitting the yak.
You headbutt the yak!
The yak is almost dead.
The yak gores you!
You die...

..#
#..[...#.......#
..#
#......#.......#
..#
###.##.#.......#
..#
#..#.#.......#
..#
##.#.#.#####.#
### #...#.# #.#
#...#.# #.#
#.Y.#.# #.#
#.)@#.# #.#
#.###.# #.#
###### #.# #.#
#.# .....# #.#
#.# #.# ####.#
#.# #.# #.#
...#.# #.# #.#
#.# .###.# #.#
#.# #.# )# #.#
#.# #.# #.# .#
#.# #.# #.# #.#


You could see a yak.

Vanquished Creatures
  Harold (D:8)
  A two-headed ogre (D:8)
  Prince Ribbit (D:7)
  Sigmund (D:4)
  3 yaks
  3 hogs (D:7)
  A human (D:7)
  A hungry ghost (D:8)
  2 wargs (D:8)
  5 orc warriors
  A black bear (D:6)
  A sky beast (D:5)
  An ice beast (D:6)
  A phantom (D:8)
  A crocodile (D:7)
  A big kobold (D:7)
  3 bullfrogs
  A crimson imp (D:8)
  A bullfrog zombie (D:5)
  9 orc wizards
  A centaur zombie (D:8)
  2 hounds (D:6)
  3 orc priests
  A jelly (D:5)
  A bullfrog skeleton (D:5)
  An iguana (D:8)
  3 worker ants
  A howler monkey skeleton (D:7)
  3 gnolls (D:3)
  9 adders
  An ooze (D:4)
  2 adder skeletons (D:4)
  7 worms
  6 leopard geckos
  31 orcs
  4 giant cockroaches
  6 goblins
  7 hobgoblins
  3 jackals (D:2)
  A quokka (D:3)
  6 bats
  2 frilled lizards (D:2)
  A jackal skeleton (D:4)
  21 kobolds
  2 rats (D:1)
  A plant (D:5)
165 creatures vanquished.

Notes
Turn   | Place    | Note
-------+----------+-------------------------------------------
     0 | D:1      | Kobolds4U the Minotaur Fighter began the quest for the Orb.
     0 | D:1      | Reached XP level 1. HP: 19/19 MP: 0/0
   230 | D:1      | Reached skill level 3 in Axes
   243 | D:1      | You fall through a shaft!
   272 | D:2      | Reached XP level 2. HP: 25/27 MP: 1/1
   647 | D:2      | Reached XP level 3. HP: 33/34 MP: 2/2
  1063 | D:2      | Reached skill level 4 in Axes
  1167 | D:2      | Reached XP level 4. HP: 37/41 MP: 3/3
  1316 | D:3      | Reached skill level 5 in Fighting
  2068 | D:3      | Reached XP level 5. HP: 41/48 MP: 4/4
  2249 | D:4      | Reached skill level 5 in Axes
  2649 | D:4      | Noticed Sigmund
  2660 | D:4      | Killed Sigmund
  2660 | D:4      | Reached skill level 6 in Axes
  2660 | D:4      | Reached XP level 6. HP: 57/57 MP: 5/5
  2758 | D:4      | Reached skill level 5 in Armour
  3021 | D:5      | Entered Level 5 of the Dungeon
  3021 | D:5      | Found a snail-covered altar of Cheibriados.
  3021 | D:5      | Found a stormy altar of Qazlal.
  3042 | D:5      | Found a hide-covered altar of Uskayaw.
  3049 | D:5      | Became a worshipper of Uskayaw the Reveler
  3076 | D:5      | Reached * piety under Uskayaw
  3085 | D:5      | Reached ** piety under Uskayaw
  3096 | D:5      | Reached *** piety under Uskayaw
  3099 | D:5      | Reached **** piety under Uskayaw
  3100 | D:5      | Reached XP level 7. HP: 41/63 MP: 6/6
  3435 | D:5      | Found a staircase to the Ecumenical Temple.
  3631 | Temple   | Entered the Ecumenical Temple
  3833 | D:6      | Reached skill level 7 in Axes
  4486 | D:6      | Reached XP level 8. HP: 70/70 MP: 7/7
  4491 | D:6      | Found a white marble altar of Elyvilon.
  5015 | D:7      | Found a shimmering altar of Xom.
  5015 | D:7      | Found a deep blue altar of Sif Muna.
  5016 | D:7      | Found an opulent altar of Gozag.
  5117 | D:7      | Reached skill level 8 in Axes
  5169 | D:7      | Noticed Prince Ribbit
  5184 | D:7      | Killed Prince Ribbit
  5454 | D:7      | Reached skill level 10 in Armour
  5463 | D:7      | Reached skill level 9 in Axes
  5479 | D:7      | Reached XP level 9. HP: 39/75 MP: 3/8
  5484 | D:7      | Reached skill level 10 in Axes
  6031 | D:8      | Found a staircase to the Lair.
  6083 | D:8      | Reached skill level 11 in Axes
  6370 | D:8      | Found Vesuywk's Armour Emporium.
  6422 | D:8      | Bought the +2 cloak "Eruown" {rF+} for 427 gold pieces
  6515 | D:8      | Noticed a two-headed ogre
  6526 | D:8      | Killed a two-headed ogre
  6526 | D:8      | Reached skill level 13 in Axes
  6895 | D:8      | Reached skill level 1 in Dodging
  6899 | D:8      | Reached XP level 10. HP: 65/84 MP: 9/9
  7116 | D:8      | Noticed Harold
  7151 | D:8      | Killed Harold
  7720 | D:8      | HP: 4/88 [orc warrior/+0 war axe (7)]
  7723 | D:8      | Slain by a yak

Skill      XL: |  1  2  3  4  5  6  7  8  9 10 |
---------------+-------------------------------+-----
Axes           | 3 4 6 7 9 13 | 13.0
Fighting       | 4 5 6 7 |  7.9
Armour         | 4 5 7 10 | 10.1
Dodging        | 1 4 |  4.3
Shields        | |  3.6

Action                   |  1- 3 |  4- 6 |  7- 9 | 10-12 || total
-------------------------+-------+-------+-------+-------++-------
Melee: War axe           |    49 |       |    11 |    11 ||    71
       Headbutt          |     9 |    36 |    70 |    15 ||   130
       Whip              |    24 |   157 |   337 |    60 ||   578
Invok: Line Pass         |       |       |     2 |       ||     2
       Stomp             |       |       |     3 |     1 ||     4
  Use: Scroll            |       |       |     1 |       ||     1
       Potion            |       |       |       |     1 ||     1
 Stab: Paralysed         |       |     1 |     4 |     3 ||     8
  Eat: Chunk             |     1 |     5 |    14 |     2 ||    22
       Ration            |       |       |     2 |       ||     2
Armor: Scale mail        |    33 |    14 |       |       ||    47
       Plate armour      |       |    44 |   153 |    18 ||   215
Dodge: Dodged            |    25 |    35 |    71 |    19 ||   150
Block: Shield            |    36 |    66 |   163 |    34 ||   299
